 Dungeon Crawl Stone Soup version 0.21.1-1-g345015f (webtiles) character file.

56604 Mesmaeker13 the Carver (level 14, -26/114 HPs)
             Began as a Demigod Skald on Apr 3, 2018.
             Killed from afar by an ogre mage (62 damage)
             ... with a crystal spear
             ... on level 2 of the Orcish Mines.
             The game lasted 01:04:53 (22676 turns).

Mesmaeker13 the Carver (Demigod Skald)             Turns: 22676, Time: 01:04:54

Health: -26/114    AC: 15    Str: 20    XL:     14   Next: 9%
Magic:  27/27      EV: 17    Int: 17    God:
Gold:   1344       SH:  6    Dex: 20    Spells: 15/25 levels left

rFire    + + +     SeeInvis .   f - +2 scimitar
rCold    . . .     Gourm    .   q - +0 buckler
rNeg     . . .     Faith    .   K - +2 ring mail {rF+}
rPois    .         Spirit   .   p - +2 helmet
rElec    .         Reflect  .   D - scarf {rC+ rF+}
rCorr    .         Harm     .   m - +1 pair of gloves
MR       +....                  (no boots)
Stlth    +.........             s - amulet of magic regeneration
HPRegen  0.29/turn              e - +5 ring of evasion
MPRegen  0.45/turn              g - ring of Fanaskyu {Fire *Drain Dex+3 Slay+5}

@: no status effects
A: high mp 1
a: no special abilities


You were on level 2 of the Orcish Mines.
You were not hungry.

You visited 3 branches of the dungeon, and saw 18 of its levels.

You collected 1580 gold pieces.
You spent 236 gold pieces at shops.

Inventory:

Hand Weapons
 f - a +2 scimitar (weapon)
 k - a +2 hand axe of flaming
Armour
 m - a +1 pair of gloves (worn)
 p - a +2 helmet (worn)
 q - a +0 buckler (worn)
 D - a scarf of resistance (worn)
 K - a +2 ring mail of fire resistance (worn)
Jewellery
 e - a +5 ring of evasion (left hand)
 g - the ring of Fanaskyu (right hand) {Fire *Drain Dex+3 Slay+5}
   (You found it on level 6 of the Lair of Beasts)

   [ring of fire]

   It enhances your fire magic.
   It affects your dexterity (+3).
   It affects your accuracy and damage with ranged weapons and melee attacks
   (+5).
   It protects you from fire.
   It makes you vulnerable to cold.
   It causes draining when unequipped.
 s - an amulet of magic regeneration (around neck)
 B - an uncursed ring of ice
 G - an uncursed ring of see invisible
Wands
 c - a wand of digging (8)
 N - a wand of disintegration (6)
Scrolls
 u - 4 scrolls of magic mapping
 y - 6 scrolls of teleportation
 M - 3 scrolls of remove curse
 O - a scroll of fog
 R - a scroll of fear
Potions
 b - 2 potions of cancellation {unknown}
 h - 2 potions of flight {unknown}
 l - a potion of brilliance
 n - 2 potions of haste
 r - 4 potions of resistance
 v - a potion of heal wounds
 w - 8 potions of curing
 E - 2 potions of invisibility
 Q - 2 potions of agility {unknown}
 S - 2 potions of berserk rage {unknown}
Comestibles
 a - 9 chunks of flesh
 d - 12 rations


   Skills:
 + Level 7.6 Fighting
 + Level 11.7 Long Blades
 + Level 10.9 Armour
 - Level 2.2 Dodging
 - Level 4.0 Shields
 + Level 6.2 Spellcasting
 - Level 5.3 Hexes
 + Level 9.2 Charms
 - Level 8.0 Necromancy
 - Level 5.0 Translocations


You had 15 spell levels left.
You knew the following spells:

 Your Spells              Type           Power        Failure   Level  Hunger
b - Song of Slaying       Chrm           #####...     1%          2    None
c - Shroud of Golubria    Chrm/Tloc      ####......   1%          2    None
d - Spectral Weapon       Hex/Chrm       ####....     2%          3    ##.....
e - Regeneration          Chrm/Necr      ####......   1%          3    ##.....


Dungeon Overview and Level Annotations

Branches:
Dungeon (10/15)            Temple (0/1) D:7            Lair (6/6) D:10
  Swamp (0/4) Lair:4       Spider (0/4) Lair:4        Slime (0/5) Lair:5
    Orc (2/2) D:10            Elf (0/3) Orc:2

Shops:
D:3 *   D:5 [   D:8 :}*   Orc:2 (

Annotations:
D:5 2 transporters, Menkaure
D:6 Prince Ribbit
Lair:3 exclusion: 2 oklob plants


Innate Abilities, Weirdness & Mutations

You have an increased reservoir of magic. (+10% MP)


Message History

The two-headed ogre misses you.
You riposte.
You slash the two-headed ogre!
The two-headed ogre is lightly wounded.
The two-headed ogre hits you but does no damage.
The ogre mage casts a spell at you. The bolt of cold hits you!
The two-headed ogre closely misses you.
The two-headed ogre hits you but does no damage.
The ogre barely misses you.
You riposte.
You slash the ogre!
The ogre is heavily wounded.
The two-headed ogre hits you with a giant spiked club!!
The two-headed ogre hits you with a giant club!
Your shroud falls apart!
The ogre mage mumbles some strange words.
The ogre mage blinks!
You block the two-headed ogre's attack.
The two-headed ogre hits you with a giant club!
The ogre barely misses you.
The ogre mage gestures at you while chanting.
The crystal spear hits you!
Ouch! That really hurt!
You die...

##..∩.)........###
##⌠.⌠).....#### ##
#..........#.#
.####.#........# ..#
#..........###
..####.....§.....#
....#.........O..###
.................#.#
#......#..##..O.@)(###
.......#####..O...#(<#
.......)###......#####
....#...))........#
...###...........##
...# ##.........##
....# #......#..#
..### #......#.## ###
##....####


You could see a two-headed ogre, an ogre mage and an ogre.

Vanquished Creatures
  4 dire elephants
  5 hydras
  Erolcha (D:9)
  An anaconda (Lair:6)
  A catoblepas (Lair:6)
  2 ogre magi (Orc:2)
  10 two-headed ogres (Orc:2)
  5 death yaks
  Pikel (D:6)
  An orc knight (D:10)
  A cyclops (Orc:1)
  15 elephants
  Psyche (D:10)
  3 black mambas
  Maurice (D:10)
  8 spiny frogs
  A rime drake (Lair:3)
  4 komodo dragons
  6 polar bears
  3 trolls
  Grinder (D:3)
  4 dream sheep (Lair:5)
  7 blink frogs
  11 hippogriffs
  35 yaks
  A wyvern (Lair:4)
  A basilisk (Lair:3)
  A human (D:7)
  Grum (D:9)
  A hog (D:7)
  2 wargs
  Edmund (D:4)
  10 porcupines
  12 water moccasins
  An ice beast (D:6)
  A sky beast (D:6)
  18 orc warriors
  2 phantoms
  2 necrophages
  17 wolves
  34 ogres
  3 centaurs
  11 crocodiles
  2 big kobolds
  9 bullfrogs
  A wyvern zombie (D:8)
  4 scorpions
  11 killer bees
  5 wights
  An electric eel (D:7)
  2 howler monkeys
  5 crimson imps
  2 jellies
  3 hounds
  17 orc priests
  16 orc wizards
  3 bullfrog skeletons
  Ijyb (D:4)
  2 iguanas
  8 worker ants
  A hound zombie (D:6)
  A hound skeleton (D:9)
  3 worker ant zombies
  3 gnolls
  17 adders
  4 shadow imps
  An ooze (D:4)
  An adder zombie (D:6)
  7 worms
  A dart slug (D:2)
  6 leopard geckos
  78 orcs
  3 ball pythons
  12 bats
  9 giant cockroaches
  13 goblins
  4 hobgoblins
  5 jackals
  9 quokkas
  5 frilled lizards
  12 kobolds
  12 rats
  3 plants (Lair:6)
553 creatures vanquished.

Vanquished Creatures (others)
  3 slaves (D:6)
  An ogre (D:6)
  An orc wizard (D:5)
  An adder (D:6)
  An orc (D:6)
  10 fungi
  8 plants
  33 spectral weapons
58 creatures vanquished.

Grand Total: 611 creatures vanquished

Notes
Turn   | Place    | Note
-------+----------+-------------------------------------------
     0 | D:1      | Mesmaeker13 the Demigod Skald began the quest for the Orb.
     0 | D:1      | Reached XP level 1. HP: 17/17 MP: 5/5
   132 | D:1      | Reached XP level 2. HP: 22/24 MP: 0/7
   360 | D:1      | Reached skill level 2 in Long Blades
   620 | D:1      | Reached XP level 3. HP: 29/29 MP: 8/8
   791 | D:2      | Learned a level 2 spell: Song of Slaying
  1255 | D:2      | Reached skill level 1 in Shields
  1505 | D:3      | Learned a level 2 spell: Shroud of Golubria
  1668 | D:3      | Noticed Grinder
  1755 | D:3      | Reached XP level 4. HP: 36/36 MP: 5/9
  1944 | D:3      | Found Gozag's Platinum Reserve.
  1944 | D:3      | Found an opulent altar of Gozag.
  2086 | D:3      | Paralysed by Grinder for 3 turns
  2106 | D:3      | Killed Grinder
  2106 | D:3      | Reached skill level 3 in Long Blades
  2106 | D:3      | Reached XP level 5. HP: 25/41 MP: 2/10
  2381 | D:3      | Reached XP level 6. HP: 36/48 MP: 7/11
  2577 | D:4      | Noticed Ijyb
  2688 | D:4      | Killed Ijyb
  2827 | D:4      | Reached skill level 1 in Translocations
  3063 | D:4      | Reached skill level 4 in Long Blades
  3164 | D:4      | Reached XP level 7. HP: 45/53 MP: 7/13
  3509 | D:4      | Reached skill level 5 in Charms
  3646 | D:4      | Noticed Edmund
  3683 | D:4      | Killed Edmund
  3688 | D:4      | Found a shadowy altar of Dithmenos.
  3903 | D:5      | Entered Level 5 of the Dungeon
  3903 | D:5      | Found a stormy altar of Qazlal.
  3903 | D:5      | Found a blossoming altar of Fedhas.
  4011 | D:5      | Found a transporter.
  4016 | D:5      | Noticed a wraith
  4055 | D:5      | Found a transporter.
  4055 | D:5      | Found a basalt altar of Yredelemnul.
  4059 | D:5      | Noticed Menkaure
  4065 | D:5      | Found an ancient bone altar of Kikubaaqudgha.
  4067 | D:5      | Noticed a vampire
  4150 | D:5      | Found Bucipt's Antique Armour Shoppe.
  4269 | D:5      | Found a sparkling altar of Nemelex Xobeh.
  4269 | D:5      | Found an opulent altar of Gozag.
  4843 | D:6      | Learned a level 3 spell: Spectral Weapon
  4848 | D:6      | Noticed Prince Ribbit
  4893 | D:6      | Reached skill level 1 in Armour
  5000 | D:6      | Reached XP level 8. HP: 51/61 MP: 9/14
  5105 | D:6      | Noticed Pikel
  5118 | D:6      | Reached skill level 5 in Long Blades
  5132 | D:6      | Killed Pikel
  5478 | D:6      | Found a basalt altar of Yredelemnul.
  6249 | D:7      | Reached skill level 6 in Long Blades
  6249 | D:7      | Reached XP level 9. HP: 64/67 MP: 15/15
  6319 | D:7      | Reached skill level 5 in Translocations
  6744 | D:6      | Reached skill level 1 in Hexes
  6956 | D:7      | Found a sacrificial altar of Ru.
  6958 | D:7      | Found an iron altar of Okawaru.
  6958 | D:7      | Found a snail-covered altar of Cheibriados.
  6959 | D:7      | Found a white marble altar of Elyvilon.
  6959 | D:7      | Found a burning altar of Makhleb.
  6959 | D:7      | Found a glowing golden altar of the Shining One.
  6959 | D:7      | Found an ornate altar of the Wu Jian Council.
  7488 | D:7      | Found a hide-covered altar of Uskayaw.
  7502 | D:7      | Found a staircase to the Ecumenical Temple.
  7601 | D:7      | Reached skill level 5 in Armour
  7631 | D:7      | Reached skill level 7 in Long Blades
  7894 | D:8      | Learned a level 3 spell: Regeneration
  7962 | D:8      | Reached XP level 10. HP: 63/73 MP: 13/16
  8359 | D:8      | Found Goufet's Gadget Boutique.
  8531 | D:8      | Found Kicyokam's General Store.
  8539 | D:8      | Bought a scroll of teleportation for 33 gold pieces
  8539 | D:8      | Bought a +2 helmet for 181 gold pieces
  8539 | D:8      | Bought a scroll of identify for 22 gold pieces
  8731 | D:8      | Found Cixyim's Book Shoppe.
  8919 | D:9      | Identified the Grimoire of the Frostbite and Combat Magic
  8935 | D:9      | Noticed Grum
  8964 | D:9      | Killed Grum
  9194 | D:9      | Found a roughly hewn altar of Beogh.
  9556 | D:9      | Reached skill level 1 in Necromancy
  9664 | D:9      | Noticed Erolcha
 10097 | D:9      | Killed Erolcha
 10097 | D:9      | Reached skill level 8 in Long Blades
 10309 | D:10     | Entered Level 10 of the Dungeon
 10442 | D:10     | Noticed Psyche
 10452 | D:10     | Killed Psyche
 10452 | D:10     | Reached skill level 5 in Hexes
 10549 | D:10     | Noticed an unseen horror
 10843 | D:10     | Found a staircase to the Orcish Mines.
 10917 | D:10     | Found a staircase to the Lair.
 10978 | D:10     | Noticed Maurice
 11019 | D:10     | Killed Maurice
 11264 | D:10     | Reached XP level 11. HP: 55/79 MP: 17/17
 11625 | Lair:1   | Entered Level 1 of the Lair of Beasts
 12674 | Lair:2   | Reached skill level 9 in Long Blades
 12859 | Lair:2   | Reached skill level 5 in Necromancy
 13759 | Lair:3   | Noticed a five-headed hydra
 14097 | Lair:3   | Killed a one-headed hydra
 14134 | Lair:3   | Reached XP level 12. HP: 72/89 MP: 18/18
 14225 | Lair:3   | Reached skill level 10 in Long Blades
 15058 | Lair:4   | Found a hole to the Spider Nest.
 15081 | Lair:4   | Noticed an eight-headed hydra
 15102 | Lair:4   | Killed a one-headed hydra
 15676 | Lair:4   | Found a staircase to the Swamp.
 16193 | Lair:5   | Reached skill level 5 in Fighting
 16564 | Lair:5   | Found a staircase to the Slime Pits.
 16661 | Lair:5   | Found an ancient bone altar of Kikubaaqudgha.
 16781 | Lair:6   | Entered Level 6 of the Lair of Beasts
 17308 | Lair:6   | Noticed a five-headed hydra
 17318 | Lair:6   | Killed a one-headed hydra
 17547 | Lair:6   | Reached XP level 13. HP: 102/102 MP: 21/23
 18041 | Lair:6   | Reached skill level 10 in Armour
 18254 | Lair:5   | Reached skill level 11 in Long Blades
 18930 | Lair:5   | Reached skill level 5 in Spellcasting
 19170 | Lair:6   | Noticed a dire elephant
 19188 | Lair:6   | Killed a dire elephant
 19328 | Lair:6   | Noticed a dire elephant
 19377 | Lair:6   | Noticed a dire elephant
 19663 | Lair:5   | Killed a dire elephant
 20129 | Lair:6   | Noticed a dire elephant
 20129 | Lair:6   | Noticed a dire elephant
 20190 | Lair:5   | Killed a dire elephant
 20386 | Lair:6   | Killed a dire elephant
 20443 | Lair:6   | Got a wavering amber ring
 20447 | Lair:6   | Identified the ring of Fanaskyu {Fire *Drain Dex+3 Slay+5} (You found it on level 6 of the Lair of Beasts)
 20919 | Orc:1    | Entered Level 1 of the Orcish Mines
 21367 | Orc:2    | Entered Level 2 of the Orcish Mines
 22042 | Orc:2    | Found Xuank's Weapon Emporium.
 22136 | Orc:2    | Found a staircase to the Elven Halls.
 22412 | Orc:2    | Reached XP level 14. HP: 81/113 MP: 25/27
 22676 | Orc:2    | Killed from afar by an ogre mage

Skill      XL: |  1  2  3  4  5  6  7  8  9 10 11 12 13 |
---------------+----------------------------------------+-----
Charms         | 3 4 5 6 7 8 9 |  9.2
Spellcasting   | 2 4 6 |  6.2
Dodging        | 2 |  2.2
Long Blades    | 2 3 4 6 7 8 9 10 11 | 11.7
Shields        | 1 2 3 4 |  4.0
Translocations | 1 3 4 5 |  5.0
Armour         | 1 3 5 6 8 9 10 | 10.9
Hexes          | 3 5 |  5.3
Necromancy     | 3 6 7 8 |  8.0
Fighting       | 3 5 7 |  7.6

Action                   |  1- 3 |  4- 6 |  7- 9 | 10-12 | 13-15 || total
-------------------------+-------+-------+-------+-------+-------++-------
Melee: Falchion          |   130 |       |       |       |       ||   130
       Scimitar          |       |   128 |   373 |   979 |   527 ||  2007
       Hand axe          |       |       |       |    17 |     9 ||    26
 Cast: Infusion          |    10 |    13 |    21 |     6 |       ||    50
       Shroud of Golubri |       |     6 |     9 |    27 |    30 ||    72
       Spectral Weapon   |       |       |    23 |    92 |    46 ||   161
       Song of Slaying   |       |       |     2 |     4 |     3 ||     9
       Regeneration      |       |       |       |    22 |    25 ||    47
Evoke: Wand              |       |       |     1 |     5 |    11 ||    17
  Use: Scroll            |     3 |     4 |     4 |    13 |     3 ||    27
       Potion            |       |     4 |     3 |     4 |     3 ||    14
 Stab: Confused          |       |       |     1 |       |       ||     1
       Distracted        |       |       |     1 |     5 |     6 ||    12
       Invisible         |       |       |       |     1 |       ||     1
       Paralysed         |       |       |       |       |     6 ||     6
  Eat: Chunk             |     3 |     5 |    13 |    42 |    13 ||    76
       Ration            |       |       |     2 |     2 |     3 ||     7
Armor: Leather armour    |    34 |    13 |       |       |       ||    47
       Skin              |       |     7 |     5 |       |       ||    12
       Ring mail         |       |    14 |    87 |   247 |   109 ||   457
Dodge: Dodged            |   148 |   119 |   284 |   901 |   382 ||  1834
Block: Buckler           |       |     8 |    80 |   255 |   132 ||   475
       Rpst.: Falchion   |    49 |       |       |       |       ||    49
       Scimitar          |       |    38 |    82 |   231 |    91 ||   442
